TOP OF THE 1ST |
Visalia Mets batting - Pitching for Stockton Ports : RHP Greg Garcia
|
Pitching: RHP Greg Garcia
|
|
Batting: RHB Danny Ainge
|
0-0: Called Strike 0-1: Foul Ball, location: 2F 0-2: SINGLE (Flyball, 6MD, EV 91.3 MPH)
|
Batting: SHB David Navarro
|
0-0: Ball 1-0: SINGLE (Groundball, 6D, EV 102.5 MPH) Danny Ainge to second
|
Batting: LHB Huey Gayden
|
0-0: Ball 1-0: Ground out 3-1 (Groundball, 34, EV 105.0 MPH) Danny Ainge to third David Navarro to second
|
Batting: LHB Pete Dalena
|
0-0: Foul Ball, location: 2F 0-1: Ground out 4-3 (Groundball, 4, EV 81.3 MPH) Danny Ainge scores David Navarro to third
|
Batting: SHB Marcos Gomez
|
0-0: Called Strike 0-1: Foul Ball, location: 2F 0-2: Foul Ball, location: 2F 0-2: Ball 1-2: Fly out, F9 (Flyball, 9LS, EV 92.5 MPH)
|
Top of the 1st over - 1 run, 2 hits, 0 errors, 1 left on base; Visalia 1 - Stockton 0 |
BOTTOM OF THE 1ST |
Stockton Ports batting - Pitching for Visalia Mets : RHP Randy Martz
|
Pitching: RHP Randy Martz
|
|
Batting: RHB Ramon Valdez
|
0-0: Foul Ball, location: 2F 0-1: Ball 1-1: Foul Ball, location: 2F 1-2: Foul Ball, location: 2F 1-2: Ball 2-2: Ball 3-2: Foul Ball, location: 2F 3-2: Foul Ball, location: 2F 3-2: Ground out U3 (Groundball, 3L, EV 101.9 MPH)
|
Batting: SHB Mike Hennessy
|
0-0: Foul Ball, location: 2F 0-1: Ball 1-1: Ground out 5-3 (Groundball, 56S, EV 79.4 MPH)
|
Batting: LHB Christopher O'Brien
|
0-0: Swinging Strike 0-1: Called Strike 0-2: Ball 1-2: Strikes out swinging
|
Bottom of the 1st over - 0 runs, 0 hits, 0 errors, 0 left on base; Visalia 1 - Stockton 0 |
TOP OF THE 2ND |
Visalia Mets batting - Pitching for Stockton Ports : RHP Greg Garcia
|
Batting: RHB Ed Sedar
|
0-0: Called Strike 0-1: Ground out 4-3 (Groundball, 4M, EV 103.1 MPH)
|
Batting: RHB Gabriel de la Sancha
|
0-0: Called Strike 0-1: Swinging Strike 0-2: SINGLE (Groundball, 4M, EV 104.4 MPH) (infield hit)
|
Batting: RHB Ken Frazier
|
0-0: Fly out, F7 (Flyball, 78D, EV 91.9 MPH)
|
Batting: RHB Eddie Dennis
|
0-0: Called Strike 0-1: Fielders Choice at 2nd, 5-4 (Groundball, 56, EV 78.1 MPH)
|
Top of the 2nd over - 0 runs, 1 hit, 0 errors, 1 left on base; Visalia 1 - Stockton 0 |
BOTTOM OF THE 2ND |
Stockton Ports batting - Pitching for Visalia Mets : RHP Randy Martz
|
Batting: SHB Tracy Edwards
|
0-0: Ball 1-0: Ground out 4-3 (Groundball, 4, EV 81.3 MPH)
|
Batting: SHB Jose Mercado
|
0-0: Called Strike 0-1: Foul Ball, location: 2F 0-2: SINGLE (Line Drive, 8LS, EV 91.9 MPH)
|
Batting: RHB Mark Jurena
|
0-0: DOUBLE (Line Drive, 7LM, EV 100.0 MPH) Jose Mercado to third
|
Batting: SHB Pete Leppert
|
0-0: Called Strike 0-1: SINGLE (Groundball, 6S, EV 70.6 MPH) (infield hit) Jose Mercado scores Mark Jurena to third
|
Batting: RHB Chris Sabo
|
0-0: Ball 1-0: Swinging Strike 1-1: Foul Ball, location: 2F 1-2: Ball 2-2: Ball 3-2: SINGLE (Line Drive, 89S, EV 101.9 MPH) Mark Jurena scores Pete Leppert to second Pete Leppert to third
|
Batting: RHB Timothy Presko
|
0-0: Ball 1-0: Ball 2-0: Ball 3-0: Called Strike 3-1: Base on Balls Chris Sabo to second
|
Batting: RHB Ramon Valdez
|
0-0: Fly out, F8 (Line Drive, 8LD, EV 94.4 MPH) Runner from 3rd tags up, SCORES, throw by CF
|
Batting: SHB Mike Hennessy
|
0-0: Ball 1-0: Called Strike 1-1: Called Strike 1-2: Foul Ball, location: 2F 1-2: Ball 2-2: Strikes out swinging
|
Bottom of the 2nd over - 3 runs, 4 hits, 0 errors, 2 left on base; Visalia 1 - Stockton 3 |
TOP OF THE 3RD |
Visalia Mets batting - Pitching for Stockton Ports : RHP Greg Garcia
|
Batting: RHB Danny Ainge
|
0-0: Ball 1-0: Ball 2-0: Swinging Strike 2-1: Foul Ball, location: 2F 2-2: Strikes out swinging
|
Batting: SHB David Navarro
|
0-0: Called Strike 0-1: SINGLE (Flyball, 34D, EV 92.5 MPH)
|
Batting: LHB Huey Gayden
|
0-0: Ball 1-0: Ball 2-0: Foul Ball, location: 2F 2-1: Foul Ball, location: 2F 2-2: Ball 3-2: Fielders Choice at 2nd, 4-6 (Groundball, 4M, EV 85.0 MPH)
|
Batting: LHB Pete Dalena
|
0-0: Foul Ball, location: 2F 0-1: Ball 1-1: DOUBLE (Line Drive, 78D, EV 108.1 MPH) Huey Gayden to third Runner from 3rd tries for Home, SAFE, throw by LF to trailing runner, OUT at third! 7-3-5
|
Top of the 3rd over - 1 run, 2 hits, 0 errors, 0 left on base; Visalia 2 - Stockton 3 |
BOTTOM OF THE 3RD |
Stockton Ports batting - Pitching for Visalia Mets : RHP Randy Martz
|
Batting: LHB Christopher O'Brien
|
0-0: Ball 1-0: Called Strike 1-1: Ground out 1-3 (Groundball, 13S, EV 63.8 MPH)
|
Batting: SHB Tracy Edwards
|
0-0: Ball 1-0: Foul Ball, location: 2F 1-1: Swinging Strike 1-2: Strikes out looking
|
Batting: SHB Jose Mercado
|
0-0: Called Strike 0-1: Foul Ball, location: 2F 0-2: Ball 1-2: Ball 2-2: Strikes out swinging
|
Bottom of the 3rd over - 0 runs, 0 hits, 0 errors, 0 left on base; Visalia 2 - Stockton 3 |
TOP OF THE 4TH |
Visalia Mets batting - Pitching for Stockton Ports : RHP Greg Garcia
|
Batting: SHB Marcos Gomez
|
0-0: Reached on error, E5 (Groundball, 56, EV 110.0 MPH)
|
Batting: RHB Ed Sedar
|
0-0: Swinging Strike 0-1: Ball 1-1: Swinging Strike 1-2: Strikes out looking
|
Batting: RHB Gabriel de la Sancha
|
0-0: Ball 1-0: Ball 2-0: Called Strike 2-1: Called Strike 2-2: Fly out, F6 (Line Drive, 6, EV 69.4 MPH)
|
Batting: RHB Ken Frazier
|
0-0: Fly out, F7 (Flyball, 7LM, EV 88.8 MPH)
|
Top of the 4th over - 0 runs, 0 hits, 1 error, 1 left on base; Visalia 2 - Stockton 3 |
BOTTOM OF THE 4TH |
Stockton Ports batting - Pitching for Visalia Mets : RHP Randy Martz
|
Batting: RHB Mark Jurena
|
0-0: Ball 1-0: Swinging Strike 1-1: Ball 2-1: Ball 3-1: Fly out, F8 (Flyball, 78M, EV 79.4 MPH)
|
Batting: SHB Pete Leppert
|
0-0: Called Strike 0-1: Ball 1-1: Ball 2-1: Ball 3-1: Called Strike 3-2: Base on Balls
|
Batting: RHB Chris Sabo
|
Pickoff Throw to First - Error! E1 Pete Leppert to second 0-0: Ball 1-0: DOUBLE (Line Drive, 89D, EV 113.8 MPH) Pete Leppert scores
|
Batting: RHB Timothy Presko
|
0-0: Swinging Strike 0-1: Ball 1-1: SINGLE (Flyball, 7LS, EV 91.9 MPH) Chris Sabo to third
|
Batting: RHB Ramon Valdez
|
0-0: Ball 1-0: Fielders Choice at 2nd, 1-4 (Groundball, 15S, EV 70.0 MPH)
|
Batting: SHB Mike Hennessy
|
0-0: Fly out, F8 (Flyball, 89D, EV 108.1 MPH)
|
Bottom of the 4th over - 1 run, 2 hits, 1 error, 2 left on base; Visalia 2 - Stockton 4 |
TOP OF THE 5TH |
Visalia Mets batting - Pitching for Stockton Ports : RHP Greg Garcia
|
Batting: RHB Eddie Dennis
|
0-0: Swinging Strike 0-1: Ball 1-1: Ball 2-1: Foul Ball, location: 2F 2-2: SINGLE (Line Drive, 6D, EV 101.3 MPH)
|
Batting: RHB Danny Ainge
|
0-0: Ball 1-0: Sac Bunt to 25 - play at first, batter OUT! 5-4 Eddie Dennis to second
|
Batting: SHB David Navarro
|
0-0: Called Strike 0-1: Ground out 4-3 (Groundball, 4, EV 87.5 MPH) Eddie Dennis to third
|
Batting: LHB Huey Gayden
|
0-0: Ball 1-0: Ground out 4-3 (Groundball, 4M, EV 83.8 MPH)
|
Top of the 5th over - 0 runs, 1 hit, 0 errors, 1 left on base; Visalia 2 - Stockton 4 |
BOTTOM OF THE 5TH |
Stockton Ports batting - Pitching for Visalia Mets : RHP Randy Martz
|
Batting: LHB Christopher O'Brien
|
0-0: Called Strike 0-1: Ground out 6-3 (Groundball, 56, EV 92.5 MPH)
|
Batting: SHB Tracy Edwards
|
0-0: Ground out 4-3 (Groundball, 4, EV 81.9 MPH)
|
Batting: SHB Jose Mercado
|
0-0: Ball 1-0: Called Strike 1-1: Ground out 4-3 (Groundball, 4S, EV 62.5 MPH)
|
Bottom of the 5th over - 0 runs, 0 hits, 0 errors, 0 left on base; Visalia 2 - Stockton 4 |
TOP OF THE 6TH |
Visalia Mets batting - Pitching for Stockton Ports : RHP Greg Garcia
|
Batting: LHB Pete Dalena
|
0-0: Ball 1-0: Ball 2-0: Ball 3-0: Called Strike 3-1: Ground out 4-3 (Groundball, 4, EV 86.3 MPH)
|
Batting: SHB Marcos Gomez
|
0-0: Foul Ball, location: 2F 0-1: Ball 1-1: Called Strike 1-2: Ground out 5-3 (Groundball, 56, EV 110.6 MPH)
|
Batting: RHB Ed Sedar
|
0-0: Ball 1-0: Ground out 3-1 (Groundball, 34, EV 83.1 MPH)
|
Top of the 6th over - 0 runs, 0 hits, 0 errors, 0 left on base; Visalia 2 - Stockton 4 |
BOTTOM OF THE 6TH |
Stockton Ports batting - Pitching for Visalia Mets : RHP Randy Martz
|
Batting: RHB Mark Jurena
|
0-0: Ball 1-0: Ball 2-0: Foul Ball, location: 2F 2-1: Foul Ball, location: 2F 2-2: DOUBLE (Line Drive, 9LS, EV 96.3 MPH)
|
Batting: SHB Pete Leppert
|
0-0: Intentional Walk
|
Batting: RHB Chris Sabo
|
0-0: Ball 1-0: Ball 2-0: Foul Ball, location: 2F 2-1: Foul Ball, location: 2F 2-2: Strikes out swinging
|
Batting: RHB Timothy Presko
|
0-0: Foul Ball, location: 2F 0-1: Foul Ball, location: 2F 0-2: SINGLE (Groundball, 5D, EV 94.4 MPH) Mark Jurena to third Pete Leppert to second Runner from 3rd tries for Home, SAFE, throw by LF to home
|
Pitching: RHP Marcos Gonzalez
|
|
Batting: RHB Ramon Valdez
|
0-0: Called Strike Pete Leppert steals 3rd base Timothy Presko to second 0-1: Swinging Strike 0-2: Foul Ball, location: 2F 0-2: Ball 1-2: Fly out, F8 (Flyball, 78D, EV 83.1 MPH)
|
Batting: SHB Mike Hennessy
|
0-0: Ground out 1-3 (Groundball, 13S, EV 69.4 MPH)
|
Bottom of the 6th over - 1 run, 2 hits, 0 errors, 2 left on base; Visalia 2 - Stockton 5 |
TOP OF THE 7TH |
Visalia Mets batting - Pitching for Stockton Ports : RHP Greg Garcia
|
Batting: RHB Gabriel de la Sancha
|
0-0: Ground out 5-3 (Groundball, 56S, EV 67.5 MPH)
|
Batting: RHB Ken Frazier
|
0-0: TRIPLE (Line Drive, 89XD, EV 108.1 MPH)
|
Batting: RHB Eddie Dennis
|
0-0: Called Strike 0-1: Ball 1-1: Swinging Strike 1-2: Foul Ball, location: 2F 1-2: Foul Ball, location: 2F 1-2: Foul Ball, location: 2F 1-2: Foul Ball, location: 2F 1-2: Foul Ball, location: 2F 1-2: Foul Ball, location: 2F 1-2: Fly out, F3 (Line Drive, 3, EV 73.8 MPH)
|
Batting: RHB Danny Ainge
|
0-0: Ball 1-0: Ball 2-0: Called Strike 2-1: SINGLE (Groundball, 56S, EV 76.9 MPH) (infield hit) Ken Frazier scores
|
Batting: SHB David Navarro
|
0-0: Ball 1-0: SINGLE (Line Drive, 7S, EV 93.8 MPH) Danny Ainge to second
|
Batting: LHB Huey Gayden
|
0-0: Ball 1-0: SINGLE (Line Drive, 5D, EV 95.6 MPH) Danny Ainge to third David Navarro to second
|
Batting: LHB Pete Dalena
|
0-0: Called Strike 0-1: Ball 1-1: Ball 2-1: Ball 3-1: Fly out, F8 (Line Drive, 8LM, EV 98.8 MPH)
|
Top of the 7th over - 1 run, 4 hits, 0 errors, 3 left on base; Visalia 3 - Stockton 5 |
BOTTOM OF THE 7TH |
Stockton Ports batting - Pitching for Visalia Mets : RHP Marcos Gonzalez
|
Batting: LHB Christopher O'Brien
|
0-0: Ball 1-0: Ball 2-0: Foul Ball, location: 2F 2-1: Ball 3-1: Base on Balls
|
Batting: SHB Tracy Edwards
|
0-0: Fly out, F7 (Flyball, 7S, EV 91.3 MPH)
|
Batting: SHB Jose Mercado
|
0-0: Foul Ball, location: 2F 0-1: Ball 1-1: Foul Ball, location: 2F 1-2: Strikes out swinging
|
Batting: RHB Mark Jurena
|
0-0: Called Strike 0-1: Swinging Strike 0-2: Ball 1-2: Fly out, F7 (Flyball, 7D, EV 80.6 MPH)
|
Bottom of the 7th over - 0 runs, 0 hits, 0 errors, 1 left on base; Visalia 3 - Stockton 5 |
TOP OF THE 8TH |
Visalia Mets batting - Pitching for Stockton Ports : RHP Greg Garcia
|
Batting: SHB Marcos Gomez
|
0-0: Called Strike 0-1: Foul Ball, location: 2F 0-2: Ground out 1-3 (Groundball, 34S, EV 69.4 MPH)
|
Batting: RHB Ed Sedar
|
0-0: Ball 1-0: Ball 2-0: Foul Ball, location: 2F 2-1: Foul Ball, location: 2F 2-2: Foul Ball, location: 2F 2-2: Strikes out looking
|
Batting: RHB Gabriel de la Sancha
|
0-0: Called Strike 0-1: Ball 1-1: Ball 2-1: Ground out 6-3 (Groundball, 6, EV 100.0 MPH)
|
Top of the 8th over - 0 runs, 0 hits, 0 errors, 0 left on base; Visalia 3 - Stockton 5 |
BOTTOM OF THE 8TH |
Stockton Ports batting - Pitching for Visalia Mets : RHP Marcos Gonzalez
|
Batting: SHB Pete Leppert
|
0-0: Ball 1-0: Ground out 5-3 (Groundball, 56, EV 103.1 MPH)
|
Batting: RHB Chris Sabo
|
0-0: Ball 1-0: Called Strike 1-1: Ball 2-1: Called Strike 2-2: Ball 3-2: Ground out 6-3 (Groundball, 6, EV 83.1 MPH)
|
Batting: RHB Timothy Presko
|
0-0: Ball 1-0: Ball 2-0: Ground out 3-1 (Groundball, 34, EV 108.1 MPH)
|
Bottom of the 8th over - 0 runs, 0 hits, 0 errors, 0 left on base; Visalia 3 - Stockton 5 |
TOP OF THE 9TH |
Visalia Mets batting - Pitching for Stockton Ports : RHP Greg Garcia
|
Pitching: RHP Miguel Monrroy
|
|
Now at 1B: Randy Guerra
|
|
Now in LF: Daniel Hoskins
|
|
Now in RF: Eddie Lee
|
|
Batting: RHB Ken Frazier
|
0-0: Swinging Strike 0-1: Called Strike 0-2: Ball 1-2: Ball 2-2: Strikes out swinging
|
Batting: RHB Eddie Dennis
|
0-0: Called Strike 0-1: Called Strike 0-2: Fly out, F7 (Flyball, 7D, EV 104.4 MPH)
|
Batting: RHB Danny Ainge
|
0-0: Foul Ball, location: 2F 0-1: Fly out, F7 (Line Drive, 7, EV 86.3 MPH)
|
Top of the 9th over - 0 runs, 0 hits, 0 errors, 0 left on base; Visalia 3 - Stockton 5 |
|